 Dungeon Crawl Stone Soup version 0.21.0-37-g46506fa (webtiles) character file.

2818 tidbits the Magician (level 9, -8/99 HPs)
             Began as a Gnoll Earth Elementalist on Feb 1, 2018.
             Was an Initiate of Cheibriados.
             Mangled by a wyvern (12 damage)
             ... on level 8 of the Dungeon.
             The game lasted 00:24:34 (1784 turns).

tidbits the Magician (Gnoll Earth Elementalist)     Turns: 1784, Time: 00:24:34

Health: -8/99      AC:  6    Str: 17    XL:     9   Next: 72%
Magic:  6/19       EV: 16    Int: 17    God:    Cheibriados [......]
Gold:   146        SH:  5    Dex: 17    Spells: 9/21 levels left

rFire    . . .     SeeInvis .   j - +0 morningstar
rCold    . . .     Gourm    .   (no shield)
rNeg     . . .     Faith    .   B - +0 robe
rPois    .         Spirit   .   (no helmet)
rElec    +         Reflect  +   C - +0 cloak
rCorr    .         Harm     .   G - +0 pair of gloves
MR       .....                  F - +0 pair of boots
Stlth    ..........             q - +5 amulet of reflection
HPRegen  0.26/turn              (no ring)
MPRegen  0.16/turn              (no ring)

@: berserking (expiring), very slow
A: distributed training, fangs 1, dopey 2, mutation resistance 1, electricity
resistance, strong nose
a: Bend Time, Renounce Religion


You were on level 8 of the Dungeon.
You worshipped Cheibriados.
Cheibriados was noncommittal.
You were not hungry.

You visited 2 branches of the dungeon, and saw 10 of its levels.

You collected 146 gold pieces.

Inventory:

Hand Weapons
 a - a +2 dagger of flaming
   (You found it on level 4 of the Dungeon)
 d - a +0 dagger of freezing
   (You found it on level 1 of the Dungeon)
 f - a +0 war axe
 g - a +0 dagger
 i - a +0 club
 j - a +0 morningstar (weapon)
 t - a cursed +0 scythe
 E - a +2 dagger of speed
   (You found it on level 5 of the Dungeon)
Missiles
 b - 56 stones
 k - 4 curare-tipped needles
 u - 7 tomahawks (quivered)
 y - 3 javelins
Armour
 o - a +0 shield
 v - cursed +0 swamp dragon scales
 w - a cursed +0 ring mail
 B - a +0 robe (worn)
 C - a +0 cloak (worn)
 F - a +0 pair of boots (worn)
 G - a +0 pair of gloves (worn)
Magical Staves
 J - an uncursed staff of power {unknown}
   (You found it on level 7 of the Dungeon)
Jewellery
 q - a +5 amulet of reflection (around neck)
   (You found it on level 2 of the Dungeon)
 I - an uncursed amulet of faith
   (You found it on level 6 of the Dungeon)
Wands
 A - a wand of flame (22)
Scrolls
 h - a scroll of amnesia {unknown}
 m - a scroll of immolation {unknown}
 n - a scroll of noise
 r - 3 scrolls of remove curse
 s - a scroll of teleportation
 z - 2 scrolls of magic mapping {unknown}
 D - a scroll of fear
Potions
 x - 4 potions of curing
 H - 2 potions of berserk rage
Books
 e - a book of Geomancy

   Spells                             Type                      Level
   a - Sandblast                      Earth                        1
   b - Passwall                       Transmutation/Earth          2
   c - Stone Arrow                    Conjuration/Earth            3
   d - Petrify                        Transmutation/Earth          4
   e - Lee's Rapid Deconstruction     Earth                        5
 l - a book of Minor Magic
   (You found it on level 2 of the Dungeon)

   Spells                             Type                      Level
   a - Magic Dart                     Conjuration                  1
   b - Blink                          Translocation                2
   c - Call Imp                       Summoning                    2
   d - Slow                           Hexes                        2
   e - Conjure Flame                  Conjuration/Fire             3
   f - Mephitic Cloud                 Conjuration/Poison/Air       3
Comestibles
 c - 7 rations


   Skills:
 + Level 4.4 Fighting
 + Level 4.4 Short Blades
 + Level 4.4 Long Blades
 + Level 4.4 Axes
 + Level 4.4 Maces & Flails
 + Level 4.4 Polearms
 + Level 4.4 Staves
 + Level 4.4 Slings
 + Level 4.4 Bows
 + Level 4.4 Crossbows
 + Level 4.4 Throwing
 + Level 4.4 Armour
 + Level 6.4 Dodging
 + Level 6.2 Stealth
 + Level 4.4 Shields
 + Level 4.4 Unarmed Combat
 + Level 6.7 Spellcasting
 + Level 3.6 Conjurations
 + Level 3.6 Hexes
 + Level 3.6 Charms
 + Level 3.6 Summonings
 + Level 3.6 Necromancy
 + Level 3.6 Translocations
 + Level 4.3 Transmutations
 + Level 3.6 Fire Magic
 + Level 3.6 Ice Magic
 + Level 3.6 Air Magic
 + Level 6.6 Earth Magic
 + Level 3.6 Poison Magic
 + Level 4.9 Invocations
 + Level 4.4 Evocations


You had 9 spell levels left.
You knew the following spells:

 Your Spells              Type           Power        Failure   Level  Hunger
a - Sandblast             Erth           ####..       1%          1    None
e - Petrify               Tmut/Erth      ###.....     12%         4    ####...
i - Call Imp              Summ           ###.....     4%          2    None
m - Mephitic Cloud        Conj/Pois/Air  ###.....     8%          3    ##.....
p - Passwall              Tmut/Erth      ###.......   1%          2    None


Dungeon Overview and Level Annotations

Branches:
Dungeon (9/15)             Temple (1/1) D:7
   Lair: D:8-11         Orc: D:9-12

Altars:
Ashenzari
Cheibriados
Dithmenos
Elyvilon
Fedhas
Gozag
Hepliaklqana
Kikubaaqudgha
Makhleb
Nemelex Xobeh
Ru
Sif Muna
Trog
Uskayaw
Vehumet
Wu Jian
Xom
Yredelemnul
Zin

Shops:
D:6 [   D:7 (

Annotations:
D:9 exclusion: two-headed ogre


Innate Abilities, Weirdness & Mutations

Your experience applies equally to all skills.
You have very sharp teeth.
Your uncanny sense of smell can sniff out nearby items.
You are very dopey. (Int -4)
You are somewhat resistant to further mutation.
You are resistant to electric shocks. (rElec)


Message History

The blast of sand hits the worker ant.
The worker ant is severely wounded.
b - 59 stones The worker ant barely misses you.
You block the worker ant's attack.
Casting: Sandblast
Confirm with . or Enter, or press ? or * to list all spells.
Aiming: Sandblast
Press: ? - help, Shift-Dir - straight line, f/p - orc
Aim: an orc, wielding a dagger and wearing a leather armour The blast of sand hits the worker ant.
The worker ant is severely wounded.
b - 58 stones You block the wyvern's attack.
The worker ant barely misses you. The wyvern bites you.
Casting: Sandblast
Confirm with . or Enter, or press ? or * to list all spells.
Aiming: Sandblast
Press: ? - help, Shift-Dir - straight line, f/p - orc
Aim: an orc, wielding a dagger and wearing a leather armour The blast of sand hits the worker ant.
The worker ant is almost dead.
b - 57 stones You block the wyvern's attack.
The worker ant completely misses you.
Evoke which item? (* to show all) (? for menu, Esc to quit)
Okay, then.
Unknown command.
Unknown command.
Press: ? - help, v - describe, . - travel, g - get item
Here: a wyvern 10 poisoned needles.
The floor.
Evoke which item? (* to show all) (? for menu, Esc to quit)
Aiming: Scattershot
Press: ? - help, Shift-Dir - straight line, f - wyvern, p - orc
Aim: a wyvern The burst of metal fragments hits the wyvern. x2
You kill the wyvern!
Cheibriados thoroughly appreciates the change of pace.
The now-empty wand crumbles to dust.
The worker ant misses you.
Unknown command.
You hit the worker ant.
You kill the worker ant!
Cheibriados appreciates the change of pace.
The orc completely misses you.
A water moccasin and a wyvern come into view.
You closely miss the orc. The orc hits you but does no damage.
The wyvern hisses angrily.
You hit the orc.
The orc is lightly wounded.
The orc hits you with a dagger.
You closely miss the orc.
The orc is lightly wounded.
The orc misses you. The orc hits you with a dagger.
You closely miss the orc.
The orc is lightly wounded.
The wyvern bites you!
* * * LOW HITPOINT WARNING * * *
You block the wyvern's attack. The orc hits you but does no damage.
Evoke which item? (* to show all) (? for menu, Esc to quit)
Okay, then.
Casting: Sandblast
Confirm with . or Enter, or press ? or * to list all spells.
Aiming: Sandblast
Press: ? - help, Shift-Dir - straight line, f - water moccasin
Aim: a water moccasin The blast of sand hits the wyvern.
The wyvern is lightly wounded.
b - 56 stones The wyvern barely misses you.
The orc closely misses you.
Okay, then.
It was a potion of berserk rage.
A red film seems to cover your vision as you go berserk!
Cheibriados protects you from inadvertent hurry.
You feel mighty! The wyvern bites you.
* * * LOW HITPOINT WARNING * * *
The wyvern closely misses you. The orc closely misses you.
You bludgeon the orc!!
You kill the orc!
Cheibriados appreciates the change of pace.
The wyvern completely misses you.
The wyvern bites you but does no damage.
You completely miss the wyvern. Your bite misses the wyvern.
The wyvern is lightly wounded.
The wyvern misses you. The wyvern closely misses you.
You hit the wyvern.
The wyvern is moderately wounded.
The wyvern bites you.
* * * LOW HITPOINT WARNING * * *
The wyvern bites you!
* * * LOW HITPOINT WARNING * * *
You completely miss the wyvern. You bite the wyvern.
The wyvern is moderately wounded.
The wyvern bites you!
* * * LOW HITPOINT WARNING * * *
The wyvern closely misses you. The wyvern completely misses you.
Items here: )))) [[[ †† You feel a strong urge to attack something.
The wyvern bites you!
You die...

## /. .###
...
.#########.#
......(Sl..#
.##.#####@.#
#...#
..#....
.#...##.#
#.#.. . # #
#.#### #.#
#.#


You could see a water moccasin and a wyvern.

Vanquished Creatures
  A hydra (D:8)
  Pikel (D:5)
  Sigmund (D:5)
  2 wyverns (D:8)
  A sky beast (D:6)
  A black bear (D:6)
  An ogre (D:7)
  A phantom (D:4)
  A bullfrog (D:7)
  A water moccasin zombie (D:6)
  2 scorpions
  A crimson imp (D:6)
  A bullfrog zombie (D:5)
  An orc priest (D:3)
  5 hounds
  A jelly (D:6)
  3 iguanas
  2 orc wizards
  3 worker ants
  Ijyb (D:5)
  A howler monkey zombie (D:6)
  A gnoll (D:1)
  6 adders
  An ooze (D:3)
  An adder zombie (D:8)
  2 worms (D:3)
  A dart slug (D:1)
  6 leopard geckos
  13 orcs
  A ball python (D:4)
  A giant cockroach (D:1)
  6 goblins
  9 hobgoblins
  10 jackals
  5 kobolds
  A quokka (D:2)
  A bat (D:2)
  4 frilled lizards
  A leopard gecko skeleton (D:4)
  5 rats (D:1)
107 creatures vanquished.

Vanquished Creatures (collateral kills)
  A bat (D:3)
1 creature vanquished.

Grand Total: 108 creatures vanquished

Notes
Turn   | Place    | Note
-------+----------+-------------------------------------------
     0 | D:1      | tidbits the Gnoll Earth Elementalist began the quest for the Orb.
     0 | D:1      | Reached XP level 1. HP: 13/13 MP: 6/6
     4 | D:1      | Reached skill level 2 in Transmutations
     4 | D:1      | Reached XP level 2. HP: 20/20 MP: 5/7
   113 | D:1      | Reached XP level 3. HP: 25/25 MP: 2/9
   140 | D:2      | Reached skill level 5 in Spellcasting
   200 | D:2      | Reached skill level 1 in Invocations
   221 | D:3      | Learned a level 2 spell: Passwall
   305 | D:2      | Reached skill level 1 in Fighting
   305 | D:2      | Reached skill level 1 in Short Blades
   305 | D:2      | Reached skill level 1 in Long Blades
   305 | D:2      | Reached skill level 1 in Axes
   305 | D:2      | Reached skill level 1 in Maces & Flails
   305 | D:2      | Reached skill level 1 in Polearms
   305 | D:2      | Reached skill level 1 in Staves
   305 | D:2      | Reached skill level 1 in Slings
   305 | D:2      | Reached skill level 1 in Bows
   305 | D:2      | Reached skill level 1 in Crossbows
   305 | D:2      | Reached skill level 1 in Throwing
   305 | D:2      | Reached skill level 1 in Armour
   305 | D:2      | Reached skill level 1 in Shields
   305 | D:2      | Reached skill level 1 in Unarmed Combat
   305 | D:2      | Reached skill level 1 in Evocations
   385 | D:2      | Reached XP level 4. HP: 32/32 MP: 9/11
   477 | D:3      | Reached skill level 1 in Conjurations
   477 | D:3      | Reached skill level 1 in Hexes
   477 | D:3      | Reached skill level 1 in Charms
   477 | D:3      | Reached skill level 1 in Summonings
   477 | D:3      | Reached skill level 1 in Necromancy
   477 | D:3      | Reached skill level 1 in Translocations
   477 | D:3      | Reached skill level 1 in Fire Magic
   477 | D:3      | Reached skill level 1 in Ice Magic
   477 | D:3      | Reached skill level 1 in Air Magic
   477 | D:3      | Reached skill level 1 in Poison Magic
   479 | D:3      | Found a burning altar of Makhleb.
   560 | D:4      | Noticed a phantom
   574 | D:4      | Killed a phantom
   574 | D:4      | Reached XP level 5. HP: 28/37 MP: 7/12
   600 | D:4      | Learned a level 4 spell: Petrify
   603 | D:4      | Learned a level 2 spell: Call Imp
   610 | D:3      | Found a faded altar of an unknown god.
   640 | D:3      | Reached XP level 6. HP: 38/44 MP: 2/13
   642 | D:3      | Reached skill level 2 in Invocations
   846 | D:5      | Entered Level 5 of the Dungeon
   847 | D:5      | Noticed Ijyb
   851 | D:5      | Gained mutation: You are dopey. (Int -2) [potion of mutation]
   851 | D:5      | Gained mutation: You have large cloven feet. [potion of mutation]
   851 | D:5      | Gained mutation: You have extremely sharp teeth. [potion of mutation]
   851 | D:5      | Gained mutation: You are resistant to electric shocks. (rElec) [potion of mutation]
   852 | D:5      | Lost mutation: You have extremely sharp teeth. [potion of mutation]
   852 | D:5      | Lost mutation: You have large cloven feet. [potion of mutation]
   852 | D:5      | Gained mutation: You are somewhat resistant to further mutation. [potion of mutation]
   852 | D:5      | Gained mutation: You are very dopey. (Int -4) [potion of mutation]
   863 | D:5      | Killed Ijyb
   955 | D:6      | Noticed a black bear
   966 | D:6      | Killed a black bear
   966 | D:6      | Reached skill level 2 in Fighting
   966 | D:6      | Reached skill level 2 in Short Blades
   966 | D:6      | Reached skill level 2 in Long Blades
   966 | D:6      | Reached skill level 2 in Axes
   966 | D:6      | Reached skill level 2 in Maces & Flails
   966 | D:6      | Reached skill level 2 in Polearms
   966 | D:6      | Reached skill level 2 in Staves
   966 | D:6      | Reached skill level 2 in Slings
   966 | D:6      | Reached skill level 2 in Bows
   966 | D:6      | Reached skill level 2 in Crossbows
   966 | D:6      | Reached skill level 2 in Throwing
   966 | D:6      | Reached skill level 2 in Armour
   966 | D:6      | Reached skill level 5 in Dodging
   966 | D:6      | Reached skill level 2 in Shields
   966 | D:6      | Reached skill level 2 in Unarmed Combat
   966 | D:6      | Reached skill level 2 in Evocations
  1017 | D:7      | Noticed an ice beast
  1027 | D:8      | Noticed a hippogriff
  1072 | D:7      | Found a shimmering altar of Xom.
  1100 | D:5      | Noticed a slave
  1100 | D:5      | Noticed Sigmund
  1100 | D:5      | Noticed Pikel
  1100 | D:5      | Noticed a slave
  1100 | D:5      | Noticed a slave
  1100 | D:5      | Noticed a slave
  1123 | D:5      | Killed Pikel
  1123 | D:5      | Reached skill level 5 in Stealth
  1123 | D:5      | Reached skill level 2 in Conjurations
  1123 | D:5      | Reached skill level 2 in Hexes
  1123 | D:5      | Reached skill level 2 in Charms
  1123 | D:5      | Reached skill level 2 in Summonings
  1123 | D:5      | Reached skill level 2 in Necromancy
  1123 | D:5      | Reached skill level 2 in Translocations
  1123 | D:5      | Reached skill level 3 in Transmutations
  1123 | D:5      | Reached skill level 2 in Fire Magic
  1123 | D:5      | Reached skill level 2 in Ice Magic
  1123 | D:5      | Reached skill level 2 in Air Magic
  1123 | D:5      | Reached skill level 2 in Poison Magic
  1123 | D:5      | Reached skill level 3 in Invocations
  1123 | D:5      | Reached XP level 7. HP: 37/51 MP: 9/15
  1127 | D:5      | Killed Sigmund
  1127 | D:5      | Reached skill level 3 in Fighting
  1127 | D:5      | Reached skill level 3 in Short Blades
  1127 | D:5      | Reached skill level 3 in Long Blades
  1127 | D:5      | Reached skill level 3 in Axes
  1127 | D:5      | Reached skill level 3 in Maces & Flails
  1127 | D:5      | Reached skill level 3 in Polearms
  1127 | D:5      | Reached skill level 3 in Staves
  1127 | D:5      | Reached skill level 3 in Slings
  1127 | D:5      | Reached skill level 3 in Bows
  1127 | D:5      | Reached skill level 3 in Crossbows
  1127 | D:5      | Reached skill level 3 in Throwing
  1127 | D:5      | Reached skill level 3 in Armour
  1127 | D:5      | Reached skill level 3 in Shields
  1127 | D:5      | Reached skill level 3 in Unarmed Combat
  1127 | D:5      | Reached skill level 6 in Earth Magic
  1127 | D:5      | Reached skill level 3 in Evocations
  1127 | D:5      | Reached XP level 8. HP: 43/58 MP: 10/16
  1138 | D:5      | Learned a level 3 spell: Mephitic Cloud
  1253 | D:6      | Found a basalt altar of Yredelemnul.
  1295 | D:7      | Reached skill level 6 in Spellcasting
  1522 | D:6      | Found Ratsora's Armour Emporium.
  1575 | D:7      | Found a staircase to the Ecumenical Temple.
  1583 | D:7      | Reached skill level 3 in Conjurations
  1583 | D:7      | Reached skill level 3 in Hexes
  1583 | D:7      | Reached skill level 3 in Charms
  1583 | D:7      | Reached skill level 3 in Summonings
  1583 | D:7      | Reached skill level 3 in Necromancy
  1583 | D:7      | Reached skill level 3 in Translocations
  1583 | D:7      | Reached skill level 3 in Fire Magic
  1583 | D:7      | Reached skill level 3 in Ice Magic
  1583 | D:7      | Reached skill level 3 in Air Magic
  1583 | D:7      | Reached skill level 3 in Poison Magic
  1583 | D:7      | Reached skill level 4 in Invocations
  1595 | Temple   | Entered the Ecumenical Temple
  1600 | Temple   | Became a worshipper of Cheibriados the Contemplative
  1629 | D:7      | Found a sacrificial altar of Ru.
  1629 | D:7      | Found Itaiqa's Antique Weapon Shop.
  1688 | D:9      | Noticed a two-headed ogre
  1718 | D:8      | Reached XP level 9. HP: 65/65 MP: 15/18
  1719 | D:8      | Reached skill level 6 in Dodging
  1738 | D:8      | Noticed a cyan ugly thing
  1738 | D:8      | Noticed a four-headed hydra
  1744 | D:8      | Killed a four-headed hydra
  1744 | D:8      | Reached skill level 4 in Fighting
  1744 | D:8      | Reached skill level 4 in Short Blades
  1744 | D:8      | Reached skill level 4 in Long Blades
  1744 | D:8      | Reached skill level 4 in Axes
  1744 | D:8      | Reached skill level 4 in Maces & Flails
  1744 | D:8      | Reached skill level 4 in Polearms
  1744 | D:8      | Reached skill level 4 in Staves
  1744 | D:8      | Reached skill level 4 in Slings
  1744 | D:8      | Reached skill level 4 in Bows
  1744 | D:8      | Reached skill level 4 in Crossbows
  1744 | D:8      | Reached skill level 4 in Throwing
  1744 | D:8      | Reached skill level 4 in Armour
  1744 | D:8      | Reached skill level 6 in Stealth
  1744 | D:8      | Reached skill level 4 in Shields
  1744 | D:8      | Reached skill level 4 in Unarmed Combat
  1744 | D:8      | Reached skill level 4 in Transmutations
  1744 | D:8      | Reached skill level 4 in Evocations
  1782 | D:8      | HP: 3/99 [wyvern (15)]
  1784 | D:8      | Mangled by a wyvern

Skill      XL: |  1  2  3  4  5  6  7  8  9 |
---------------+----------------------------+-----
Transmutations | 2 3 4 |  4.3
Spellcasting   | 5 6 |  6.7
Invocations    | 1 3 4 |  4.9
Fighting       | 1 2 3 4 |  4.4
Short Blades   | 1 2 3 4 |  4.4
Long Blades    | 1 2 3 4 |  4.4
Axes           | 1 2 3 4 |  4.4
Maces & Flails | 1 2 3 4 |  4.4
Polearms       | 1 2 3 4 |  4.4
Staves         | 1 2 3 4 |  4.4
Slings         | 1 2 3 4 |  4.4
Bows           | 1 2 3 4 |  4.4
Crossbows      | 1 2 3 4 |  4.4
Throwing       | 1 2 3 4 |  4.4
Armour         | 1 2 3 4 |  4.4
Shields        | 1 2 3 4 |  4.4
Unarmed Combat | 1 2 3 4 |  4.4
Evocations     | 1 2 3 4 |  4.4
Conjurations   | 1 2 3 |  3.6
Hexes          | 1 2 3 |  3.6
Charms         | 1 2 3 |  3.6
Summonings     | 1 2 3 |  3.6
Necromancy     | 1 2 3 |  3.6
Translocations | 1 2 3 |  3.6
Fire Magic     | 1 2 3 |  3.6
Ice Magic      | 1 2 3 |  3.6
Air Magic      | 1 2 3 |  3.6
Poison Magic   | 1 2 3 |  3.6
Dodging        | 5 6 |  6.4
Stealth        | 5 6 |  6.2
Earth Magic    | 6 |  6.6

Action                   |  1- 3 |  4- 6 |  7- 9 || total
-------------------------+-------+-------+-------++-------
Melee: Dagger            |    17 |    61 |    10 ||    88
       Bite              |     1 |     7 |     4 ||    12
       Morningstar       |       |     7 |    25 ||    32
       War axe           |       |     7 |       ||     7
       Unarmed           |       |     5 |       ||     5
       Punch             |       |       |     1 ||     1
 Cast: Sandblast         |    31 |    42 |    49 ||   122
       Passwall          |     1 |    11 |    12 ||    24
       Call Imp          |       |     2 |       ||     2
       Petrify           |       |     2 |     2 ||     4
Evoke: Wand              |       |     1 |     4 ||     5
  Use: Scroll            |     2 |     7 |     2 ||    11
       Potion            |       |     9 |     1 ||    10
 Stab: Sleeping          |     3 |     5 |     9 ||    17
       Invisible         |       |     4 |       ||     4
  Eat: Ration            |       |     1 |     1 ||     2
Armor: Robe              |     1 |    11 |    10 ||    22
       Skin              |       |     6 |       ||     6
Dodge: Dodged            |    14 |    57 |    48 ||   119
Block: Other             |       |    31 |    14 ||    45
       Reflection        |       |     1 |       ||     1

Table legend:
 A = Turns spent in this place as a percentage of turns spent in the entire game.
 B = Non-inter-level travel turns spent in this place as a percentage of non-inter-level travel turns spent in the entire game.
 C = Inter-level travel turns spent in this place as a percentage of turns spent in this place.
 D = Turns resting spent in this place as a percentage of non-inter-level travel turns spent in this place.
 E = Turns spent auto-exploring this place as a percentage of non-inter-level travel turns spent in this place.
 F = Non-inter-level travel turns spent in this place divided by the number of levels of this place that you've seen.
                   A       B       C       D       E      F
               +-------+-------+-------+-------+-------+----------------------
         Total | 100.0 | 100.0 |   0.0 |   0.0 |   0.0 | 178.4
       Dungeon |  99.4 |  99.4 |   0.0 |   0.0 |   0.0 | 197.0
        Temple |   0.6 |   0.6 |   0.0 |   0.0 |   0.0 |  11.0
               +-------+-------+-------+-------+-------+----------------------

Table legend:
 A = Kills in this place as a percentage of kills in entire the game.
 B = Kills by you in this place as a percentage of kills by you in the entire game.
 C = Kills by friends in this place as a percentage of kills by friends in the entire game.
 D = Other kills in this place as a percentage of other kills in the entire game.
 E = Experience gained in this place as a percentage of experience gained in the entire game.
 F = Experience gained in this place divided by the number of levels of this place that you have seen.
                   A       B       C       D       E      F
               +-------+-------+-------+-------+-------+----------------------
         Total | 100.0 | 100.0 | 100.0 |   N/A | 100.0 | 402.7
       Dungeon | 100.0 | 100.0 | 100.0 |   N/A | 100.0 | 447.4
               +-------+-------+-------+-------+-------+----------------------

Vault maps used:
D:1:      minmay_arrival_split_and_join, corexii_leaking_fountain
D:2:      gammafunk_temple_overflow_statue, hex_medium, minmay_pentomino_u2
D:3:      lemuel_doored_altar, first_ration, chequers_ecumenical_altar_island,
          gup_sewer_entry_bowl
D:4:      minmay_goblin_kobold_castle
D:5:      serial_glass, glass_columns_b, glass_columns_a, glass_columns_b,
          glass_columns_b, glass_columns_a, glass_columns_b,
          minmay_fountain_box, uniq_ijyb, uniq_sigmund, uniq_pikel
D:6:      yredelemnul_altar_generic, serial_shops, kennysheep_mini, shop,
          nicolae_shop_competitors_out_of_business
D:7:      hangedman_ru_absence, xom_teletrap_fun, minmay_temple_entry_overgrown,
          serial_shops, nicolae_shop_waterfront, grunt_livestock
D:8:      hangedman_cross_veins, lemuel_round_altar
Temple:   minmay_freezing_vapour_temple
